 Dungeon Crawl Stone Soup version 0.25-b1-37-g2669288c55 (webtiles) character file.

Game seed: 5114279521000524596

49 Descartes the Charmwright (level 3, 0/16 HPs)
             Began as a Felid Skald on June 4, 2020.
             Slain by a bat (1 damage)
             ... on level 2 of the Dungeon.
             The game lasted 00:02:48 (1871 turns).

Descartes the Charmwright (Felid Skald)             Turns: 1871, Time: 00:02:49

Health: 0/16       AC:  1    Str:  8    XL:     3   Next: 51%
Magic:  7/7        EV: 18    Int: 14    God:
Gold:   76         SH:  0    Dex: 15    Spells: 5/6 levels left
                                        Lives:  0   Deaths: 0

rFire    . . .     SeeInvis +     - Unarmed
rCold    . . .     Gourm    .   (shield unavailable)
rNeg     . . .     Faith    .   (armour unavailable)
rPois    .         Spirit   .   (helmet unavailable)
rElec    .         Reflect  .   (cloak unavailable)
rCorr    .         Harm     .   (gloves unavailable)
MR       .....                  (boots unavailable)
Stlth    +++.......             (no amulet)
HPRegen  0.05/turn              (no ring)
MPRegen  0.10/turn              (no ring)

@: quick
A: very small, no armour, no weapons or thrown items, stealth, claws 1, fangs 3,
see invisible, carnivore, speed 1, shaggy fur 1, slow metabolism 1, sharp paws
a: no special abilities


You were on level 2 of the Dungeon.
You were completely stuffed.

You visited 1 branch of the dungeon, and saw 2 of its levels.

You collected 76 gold pieces.

Inventory:

Missiles
 c - 13 arrows
 e - 80 stones
Scrolls
 a - a scroll of remove curse {unknown}
 d - a scroll of amnesia {unknown}
 g - a scroll of identify {unknown}
Potions
 h - a potion of heal wounds {unknown}
 i - a potion of haste
Comestibles
 b - 6 rations
 f - 3 chunks of flesh


   Skills:
 + Level 2.2 Fighting
 + Level 3.4 Dodging
 * Level 2.4 Stealth
 * Level 2.7 Unarmed Combat
 + Level 2.1 Spellcasting
 + Level 3.8 Charms


You had 5 spell levels left.
You knew the following spells:

 Your Spells              Type           Power        Failure   Level  Hunger
a - Infusion              Chrm           ##..         4%          1    #......

Your spell library contained the following spells:

 Spells                   Type           Power        Failure   Level  Hunger
 Song of Slaying          Chrm           ##......     8%          2    ###....
 Shroud of Golubria       Chrm/Tloc      #.....       16%         2    ###....
 Ozocubu's Armour         Chrm/Ice       #.......     32%         3    ###....
 Spectral Weapon          Hex/Chrm       Unusable     N/A         3    N/A

Dungeon Overview and Level Annotations

Branches:
Dungeon (1/15)

Altars:


Innate Abilities, Weirdness & Mutations

You cannot wear armour.
You are incapable of wielding weapons or throwing items.
Your paws allow you to move quietly. (Stealth)
You have sharp claws.
You have razor-sharp teeth.
You have supernaturally acute eyesight. (SInv)
You are carnivorous and can eat meat at any time.
You cover ground quickly.
You are covered in fur. (AC +1)
You have a slow metabolism.
Your sharp claws are effective at attacking unaware monsters.


Message History

An orc comes into view.
You see here a leopard gecko corpse.
You butcher the leopard gecko corpse.
Things that are here:
2 chunks of flesh; a leopard gecko skeleton A bat comes into view.
A bat is nearby!
A bat is nearby!
Unknown command.
A bat is nearby!
The bat barely misses you. The bat completely misses you.
You closely miss the bat. The bat barely misses you. The bat hits you.
* * * LOW HITPOINT WARNING * * *
You barely miss the bat. The bat completely misses you. The bat hits you.
* * * LOW HITPOINT WARNING * * *
The bat hits you but does no damage. The bat misses you.
You closely miss the bat. The bat hits you.
You die...

#.#..###..##...#..###..##
#.#.## .#..#.#........#
..###o## #...####..#.##
..# ....###..###.#.## ...
.............### .##
####.%.##### . #...#
#...##########
#....b@.......
...#######.((####..###.
.......).).)..........
.......................
..#..$.........)... ...
##.#####......).. .. #.
#...#####. . # #...#
#...#


You could see a bat.

Vanquished Creatures
  A worm (D:2)
  A dart slug (D:1)
  4 leopard geckos
  2 orcs (D:2)
  5 bats
  8 hobgoblins
  3 kobolds (D:1)
  A ball python (D:1)
  2 frilled lizards
  5 goblins
  2 rats (D:1)
34 creatures vanquished.

Notes
Turn   | Place    | Note
-------+----------+-------------------------------------------
     0 | D:1      | Descartes the Felid Skald began the quest for the Orb.
     0 | D:1      | Reached XP level 1. HP: 9/9 MP: 4/4
   454 | D:1      | Reached skill level 1 in Stealth
   637 | D:1      | Reached XP level 2. HP: 1/13 MP: 1/6
  1502 | D:1      | Reached XP level 3. HP: 16/16 MP: 7/7
  1511 | D:1      | You fall into a shaft and drop 1 floor!
  1871 | D:2      | Slain by a bat

Illustrated notes

Levels and vault maps discovered:
D:1:      giann_wishing_wells, layout_loops_ring, minmay_hexomino_p4
D:2:      layout_loops_cross, grunt_temple_overflow_cloverleaf,
          guppyfry_early_orc_mine

Skill      XL: |  1  2 |
---------------+-------+-----
Stealth        | 1 2 |  2.4
Fighting       | |  2.2
Dodging        | |  3.4
Unarmed Combat | |  2.7
Spellcasting   | |  2.1
Charms         | |  3.8

Action                   || total
-------------------------++-------
Melee: Unarmed           ||   117
       Bite              ||     8
       Punch             ||     2
 Cast: Infusion          ||     4
 Stab: Sleeping          ||     2
  Eat: Chunk             ||     9
Armor: Skin              ||     7
Dodge: Dodged            ||   111
